 Dungeon Crawl Stone Soup version 0.30-a0-310-g7d6cbdfea6 (webtiles) character file.

Game seed: 2760566414644182464

11828 Lanoc the Arsonist (level 11, -12/88 HPs)
             Began as a Black Draconian Fire Elementalist on Oct 24, 2022.
             Was a Priest of Vehumet.
             Mangled by a death yak (24 damage)
             ... on level 11 of the Dungeon on Oct 25, 2022.
             The game lasted 00:32:59 (13626 turns).

Lanoc the Arsonist (DrFE)                          Turns: 13626, Time: 00:33:00

Health: -12/88     AC: 12    Str: 11    XL:     11   Next: 54%
Magic:  2/14       EV: 21    Int: 20    God:    Vehumet [***...]
Gold:   828        SH:  0    Dex: 17    Spells: 7/14 levels left

rFire   + . .      SeeInvis .    z - +0 demon trident
rCold   x . .      Faith    .    g - orb {light}
rNeg    . . .      Spirit   .    (body armour unavailable)
rPois   .          Reflect  .    (helmet restricted)
rElec   +          Harm     .    K - +1 cloak of Starlight {*Dazzle EV+4 Stlth--}
rCorr   .          Rampage  .    (no gloves)
Will    .....                    q - +2 pair of boots
Stlth   ..........               (no amulet)
HPRegen 0.34/turn                y - +6 ring of dexterity
MPRegen 0.14/turn                F - ring of fire

@: short of breath, glowing
A: breathe lightning, AC +7, unfitting armour, electricity resistance,
cold-blooded
a: Breathe Lightning, Renounce Religion


You were on level 11 of the Dungeon.
You worshipped Vehumet.
Vehumet was most pleased with you.
You visited 2 branches of the dungeon, and saw 12 of its levels.
You also visited: Sewer.

You collected 828 gold pieces.

Inventory:

Hand Weapons
 z - a +0 demon trident (weapon)
Missiles
 b - a throwing net
 l - 3 curare-tipped darts
Armour
 g - an orb of light (worn)
 q - a +2 pair of boots (worn)
 K - the +1 cloak of Starlight (worn) {*Dazzle EV+4 Stlth--}
   (You found it on level 9 of the Dungeon)

   It may blind those who miss an attack against the wearer in melee combat.
   EV:        It affects your evasion (+4).
   Stlth:     It makes you much less stealthy.
Jewellery
 y - a +6 ring of dexterity (left hand)
 F - a ring of fire (right hand)
Wands
 u - a wand of iceblast (6)
 G - a wand of mindburst (5)
 H - a wand of flame (14)
 L - a wand of charming (6)
Scrolls
 c - 3 scrolls of magic mapping {unknown}
 e - 5 scrolls of teleportation {unknown}
 f - 6 scrolls of amnesia {unknown}
 k - a scroll of acquirement {unknown}
 n - a scroll of fog {unknown}
 o - a scroll of summoning {unknown}
 p - 6 scrolls of enchant weapon {unknown}
 r - 3 scrolls of poison {unknown}
 s - a scroll of vulnerability {unknown}
 t - a scroll of noise {unknown}
 C - 3 scrolls of immolation {unknown}
 D - a scroll of enchant armour
 E - 2 scrolls of fear
 J - 2 scrolls of blinking
Potions
 a - 3 potions of magic
 d - a potion of heal wounds
 h - 2 potions of curing
 i - 3 potions of ambrosia
 j - a potion of brilliance
 m - 3 potions of haste
 v - 2 potions of flight
 w - 2 potions of attraction
 x - a potion of berserk rage
 A - 2 potions of lignification
 B - a potion of invisibility
 M - a potion of cancellation
 N - a potion of might
Miscellaneous
 I - a tin of tremorstones (2/2)


   Skills:
 + Level 5.2 Fighting
 + Level 9.7 Dodging
 - Level 1.7 Stealth
 - Level 2.0 Spellcasting
 - Level 1.0 Conjurations
 * Level 14.7 Fire Magic


You had 7 spell levels left.
You knew the following spells:

 Your Spells              Type           Power      Damage    Failure   Level
a - Foxfire               Conj/Fire      100%       2x1d9     1%          1
b - Flame Wave            Conj/Fire      50%        2d12      1%          4
d - Scorch                Fire           100%       2d10      1%          2

Your spell library contained the following spells:

 Spells                   Type           Power      Damage    Failure   Level
 Poisonous Vapours        Pois/Air       4%         N/A       7%          2
 Ignite Poison            Fire/Tmut/Pois 32%        N/A       1%          3
 Inner Flame              Hex/Fire       47%        N/A       1%          3
 Kindle Blastsparks       Fire/Tloc/Air  64%        2d15      1%          3
 Sticky Flame             Conj/Fire      50%        2d7       1%          4
 Ignition                 Fire           37%        3d11      50%         8


Dungeon Overview and Level Annotations

Branches:
Dungeon (11/15)            Temple (1/1) D:7           Sewer (visited)
   Lair: D:8-11         Orc: D:9-12

Altars:
Ashenzari
Cheibriados
Dithmenos
Elyvilon
Fedhas
Gozag
Hepliaklqana
Kikubaaqudgha
Makhleb
Nemelex Xobeh
Okawaru
Qazlal
Ru
Sif Muna
Trog
Uskayaw
Vehumet
Wu Jian
Xom
Yredelemnul
Zin
The Shining One

Shops:
D:4 :[   D:8 *


Innate Abilities, Weirdness & Mutations

You can breathe wild blasts of lightning.
Your glossy black scales are hard. (AC +7)
You cannot fit into any form of body armour.
You are resistant to electric shocks. (rElec)
You are cold-blooded and may be slowed by cold attacks.


Message History

The death yak is heavily wounded.
The death yak completely misses you.
You hit the death yak.
You tail-slap the death yak, but do no damage.
The death yak is severely wounded.
The death yak is no longer blind.
The death yak gores you.
You hit the death yak.
You tail-slap the death yak, but do no damage.
The death yak is severely wounded.
The death yak closely misses you.
You hit the death yak.
The death yak is severely wounded.
You have got your breath back.
The death yak completely misses you.
The death yak gores you but does no damage.
Activating: Breathe Lightning (3% risk of failure)
Press: ? - help, Dir - look around, f - activate You breathe a wild blast of lightning!
You hear a mighty clap of thunder! x3
The bolt of lightning hits the death yak but does no damage.
The death yak is severely wounded.
The bolt of lightning hits the yak but does no damage.
The yak is severely wounded.
The death yak closely misses you.
You puncture the death yak!
The death yak is almost dead.
The death yak barely misses you.
The yak snorts and paws the ground.
You hit the death yak. You tail-slap the death yak.
The death yak is almost dead.
The death yak gores you!!
You hit the death yak.
The death yak is almost dead.
The death yak gores you!!
* * * LOW HITPOINT WARNING * * *
The death yak closely misses you.
You hit the death yak but do no damage.
The death yak is almost dead.
The death yak gores you!!
You die...

#.# #..# #.# #.# ###### ..# #.##
#.# #<# #...## ### #.# #.# #.#
###.#... #.#
####.####.####...#... #.#
.............[...###.
########.###.# #.........<...#...
........!....# #Y........)...#.##
#######.#.######Y###..###..>...##
#.....###....##@# #.......^.....
#.####.#.##.#.#.# #.####.....###
##....###..# #.# ##...####
#####.#.#.###.# ##.###..
#.##.....# >..##.#
#.#####.............. #
#.######...##.# #.# #.#


You could see a death yak and a yak.

Vanquished Creatures
  Harold (D:11)
  A two-headed ogre (D:9)
  The ghost of gabibbone the Covert, a novice OpCA of Ignis (D:9)
  The ghost of Charly the Fighter, a novice DsGl of Ashenzari (D:7)
  A deep elf pyromancer (D:11)
  The ghost of Verendum the Covert, a novice OpDe of Ru (D:8)
  A gargoyle (D:11)
  An unseen horror (D:11)
  2 trolls
  6 slime creatures
  2 wraiths
  2 wyverns
  A shadow (D:11)
  3 yaks
  5 humans (D:10)
  A vampire mosquito (D:7)
  A warg (D:9)
  A water moccasin (D:6)
  An acid dragon (D:7)
  4 orc warriors
  2 ice beasts (D:8)
  2 black bears (D:7)
  3 centaurs
  2 ogres
  A phantom (D:5)
  9 kobold brigands
  2 bullfrogs
  3 necrophages
  2 scorpions
  14 wights
  3 killer bees (D:9)
  4 howler monkeys
  A wyvern simulacrum (D:8)
  3 jellies
  2 hounds
  A gnoll bouda (D:6)
  4 orc priests
  Natasha (thrice) (D:2)
  2 iguanas
  6 orc wizards
  2 centaur simulacra (D:8)
  9 gnolls
  9 adders
  5 river rats
  2 shadow imps
  A howler monkey simulacrum (D:8)
  5 white imps
  7 worms
  A dart slug (D:5)
  34 orcs
  9 endoplasms
  6 giant cockroaches
  5 goblins
  4 hobgoblins
  5 jackals
  2 quokkas
  6 ball pythons
  5 bats
  6 frilled lizards
  21 kobolds
  7 rats
  4 foxfires
261 creatures vanquished.

Vanquished Creatures (collateral kills)
  15 foxfires
15 creatures vanquished.

Vanquished Creatures (others)
  887 foxfires
  4 fungi (D:1)
  12 plants
903 creatures vanquished.

Grand Total: 1179 creatures vanquished

Notes
Turn   | Place    | Note
-------+----------+-------------------------------------------
     0 | D:1      | Lanoc the Draconian Fire Elementalist began the quest for
                  | the Orb.
     0 | D:1      | Reached XP level 1. HP: 14/14 MP: 3/3
    94 | D:1      | Reached XP level 2. HP: 15/20 MP: 0/5
   447 | D:1      | Reached XP level 3. HP: 22/26 MP: 2/6
   626 | D:1      | Reached skill level 4 in Fire Magic
   883 | D:2      | Noticed Natasha
  1060 | D:2      | Killed Natasha
  1186 | D:2      | Noticed Natasha
  1191 | D:2      | Reached XP level 4. HP: 33/33 MP: 4/7
  1199 | D:2      | Killed Natasha
  1266 | D:2      | Noticed Natasha
  1272 | D:2      | Killed Natasha
  1632 | D:3      | Learned a level 2 spell: Scorch
  1672 | D:3      | Reached skill level 5 in Fire Magic
  1672 | D:3      | Reached XP level 5. HP: 38/38 MP: 2/8
  1844 | D:3      | Found a glowing drain.
  1855 | Sewer    | Entered a sewer
  1996 | Sewer    | Reached XP level 6. HP: 45/45 MP: 1/9
  2151 | Sewer    | Reached skill level 6 in Fire Magic
  2455 | Sewer    | Your scales start taking on a glossy black colour.
  2455 | Sewer    | Reached XP level 7. HP: 50/50 MP: 7/10
  2455 | Sewer    | Gained mutation: You are resistant to electric shocks.
                  | (rElec) [Black Draconian growth]
  2861 | Sewer    | Reached skill level 7 in Fire Magic
  4496 | D:4      | Found Botek's Armour Emporium.
  4566 | D:4      | Found Mucuo's Tremendous Tomes.
  4601 | D:4      | Reached skill level 5 in Dodging
  4601 | D:4      | Reached skill level 8 in Fire Magic
  4866 | D:4      | Reached XP level 8. HP: 57/57 MP: 5/11
  5432 | D:5      | Entered Level 5 of the Dungeon
  5491 | D:5      | Found a basalt altar of Yredelemnul.
  5497 | D:5      | Found a hazy altar of Hepliaklqana.
  5502 | D:5      | Found a sparkling altar of Nemelex Xobeh.
  5994 | D:5      | Reached skill level 9 in Fire Magic
  6675 | D:6      | Found a white marble altar of Elyvilon.
  6778 | D:6      | Identified the +0 plate armour "Inabb" {rElec Str+4 Int-3}
  7094 | D:6      | Reached skill level 10 in Fire Magic
  7593 | D:7      | Reached XP level 9. HP: 53/62 MP: 7/12
  7742 | D:7      | Found a runed translucent gate.
  7743 | D:7      | Found a runed translucent gate.
  7744 | D:7      | Found a runed translucent gate.
  7745 | D:7      | Found an opulent altar of Gozag.
  7745 | D:7      | Noticed Charly's ghost (novice DsGl)
  8355 | D:7      | Found a staircase to the Ecumenical Temple.
  8359 | Temple   | Entered the Ecumenical Temple
  8407 | Temple   | Became a worshipper of Vehumet
  8584 | D:7      | Found a burning altar of Makhleb.
  8586 | D:7      | Noticed a blizzard demon
  9040 | D:7      | Reached skill level 11 in Fire Magic
  9057 | D:7      | Killed Charly's ghost
  9298 | D:8      | Learned a level 4 spell: Flame Wave
  9479 | D:8      | Reached skill level 12 in Fire Magic
  9664 | D:8      | Reached XP level 10. HP: 56/69 MP: 9/13
  9698 | D:8      | Reached * piety under Vehumet
  9698 | D:8      | Offered knowledge of Magic Dart by Vehumet.
 10113 | D:8      | Found Zin's Purification Station.
 10114 | D:8      | Found a glowing silver altar of Zin.
 10206 | D:8      | Found a runed translucent gate.
 10206 | D:8      | Found a runed translucent gate.
 10207 | D:8      | Found a runed translucent gate.
 10421 | D:8      | Found a shimmering blue altar of Sif Muna.
 10461 | D:8      | Noticed Verendum's ghost (novice OpDe)
 10600 | D:8      | Killed Verendum's ghost
 10601 | D:8      | Reached skill level 13 in Fire Magic
 10869 | D:8      | Reached skill level 1 in Fighting
 11003 | D:9      | Reached ** piety under Vehumet
 11003 | D:9      | Offered knowledge of Momentum Strike by Vehumet.
 11445 | D:9      | Noticed a two-headed ogre
 11449 | D:9      | Killed a two-headed ogre
 11579 | D:9      | Found a glowing golden altar of the Shining One.
 12040 | D:9      | Noticed gabibbone's ghost (novice OpCA)
 12041 | D:9      | Found a runed translucent gate.
 12042 | D:9      | Found a runed translucent gate.
 12043 | D:9      | Found a runed translucent gate.
 12052 | D:9      | Found the +1 cloak of Starlight {*Dazzle EV+4 Stlth--}
 12072 | D:9      | Reached XP level 11. HP: 64/82 MP: 6/14
 12126 | D:9      | Killed gabibbone's ghost
 12127 | D:9      | Reached skill level 14 in Fire Magic
 12352 | D:9      | Offered knowledge of Poisonous Vapours by Vehumet.
 12452 | D:10     | Entered Level 10 of the Dungeon
 12717 | D:10     | You fall into a shaft and drop 1 floor!
 12812 | D:11     | Reached *** piety under Vehumet
 13127 | D:11     | Noticed Harold
 13137 | D:11     | Killed Harold
 13166 | D:11     | HP: 1/85 [troll (5)]
 13191 | D:11     | Reached skill level 5 in Fighting
 13501 | D:10     | Noticed a deep elf pyromancer
 13518 | D:11     | Killed a deep elf pyromancer
 13597 | D:10     | Noticed a death yak
 13626 | D:11     | Mangled by a death yak

Illustrated notes

Levels and vault maps discovered:
D:1:      spicycebolla_arrival_clurvy, layout_rooms, minmay_unequal
D:2:      layout_rooms, chequers_serial_rivers_room_b,
          hangedman_decor_slide_cut, st_stairs_6, uniq_natasha
D:3:      layout_loops_corners, gup_sewer_entry_bubbles, nicolae_wormholes
D:4:      layout_cave_pools, serial_shops, nicolae_diamond_shop,
          nicolae_hexahallways, nicolae_shop_i_like_big_books
D:5:      layout_loops_cross, minmay_overflow_temple_star_quad
D:6:      wander_river, layout_loops_ring, elyvilon_altar_1
D:7:      layout_loops_corners, makhleb_altar_promises_db, temple_hall_moat,
          ebering_ghost_gozag, kennysheep_another_room, mrwooster_statue_mirror,
          minmay_stone_trees_medium
D:8:      layout_loops_ring, zin_purify, mainiacjoe_overflow_brackets,
          gammafunk_ghost_icy
D:9:      layout_basic, mainiacjoe_overflow_paths, biasface_ghost_orc_armoury,
          kennysheep_generic_room_4
D:10:     layout_big_octagon, dpeg_lair_monsters, minmay_ruffians
D:11:     layout_loops_ring, uniq_harold
Temple:   nicolae_temple_ecumenical_triangle

Skill      XL: |  1  2  3  4  5  6  7  8  9 10 11 |
---------------+----------------------------------+-----
Dodging        | 2 3 4 5 6 7 9 |  9.7
Fire Magic     | 4 5 6 8 10 12 13 14 | 14.7
Fighting       | 3 5 |  5.2
Stealth        | |  1.7
Spellcasting   | |  2.0
Conjurations   | |  1.0

Action                   |  1- 3 |  4- 6 |  7- 9 | 10-12 || total
-------------------------+-------+-------+-------+-------++-------
Melee: Unarmed           |    22 |    18 |    40 |       ||    80
       Tailslap          |     5 |     2 |    16 |    28 ||    51
       Demon trident     |       |       |    50 |   117 ||   167
 Cast: Foxfire           |    51 |    83 |   267 |   121 ||   522
       Scorch            |       |       |    21 |    30 ||    51
       Flame Wave        |       |       |     1 |    15 ||    16
 Abil: Breathe Lightning |       |       |     9 |    18 ||    27
  Use: Potion            |       |       |     2 |     2 ||     4
       Scroll            |       |       |       |    13 ||    13
 Stab: Invisible         |       |       |       |     4 ||     4
Armor: Skin              |    12 |    11 |    51 |    64 ||   138
Dodge: Dodged            |    38 |    22 |   110 |   235 ||   405

Table legend: (Time is in decaauts)
 A = Elapsed time spent in this place.
 B = Non-inter-level travel time spent in this place.
 C = Inter-level travel time spent in this place.
 D = Time resting spent in this place.
 E = Time spent auto-exploring this place.
 F = Levels seen in this place.
 G = Mean time per level.
                   A        B        C        D        E       F      G
               +--------+--------+--------+--------+--------+-----+--------+
         Total |  13963 |  13574 |    389 |    688 |  10632 |  13 | 1074.1 |
       Dungeon |  12525 |  12151 |    374 |    688 |   9585 |  11 | 1138.6 |
        Temple |     57 |     42 |     15 |      0 |     34 |   1 |   57.0 |
         Sewer |   1380 |   1380 |      0 |      0 |   1013 |   1 | 1380.0 |
               +--------+--------+--------+--------+--------+-----+--------+

Top non-repeatable levels by time:
     D:7: 1839 daAuts
     D:8: 1777 daAuts
     D:3: 1530 daAuts
   Sewer: 1380 daAuts
     D:9: 1248 daAuts
     D:4: 1148 daAuts
     D:5: 1128 daAuts
     D:6: 1035 daAuts
     D:1: 942 daAuts
    D:11: 909 daAuts
     D:2: 680 daAuts
    D:10: 285 daAuts
  Temple: 57 daAuts
